 Dungeon Crawl Stone Soup version 0.28.0-45-g0d030f2227 (webtiles) character file.

Game seed: 13938536777200929738

30 psko the Conjurer (level 3, -6/16 HPs)
             Began as a Spriggan Conjurer on Apr 10, 2022.
             Was a Follower of Sif Muna.
             Mangled by a gnoll
             ... wielding a +1 flail of protection
              (9 damage)
             ... on level 1 of the Dungeon.
             The game lasted 00:11:25 (1033 turns).

psko the Conjurer (Spriggan Conjurer)               Turns: 1033, Time: 00:11:25

Health: -6/16      AC:  2    Str:  5    XL:     3   Next: 5%
Magic:  2/8        EV: 17    Int: 19    God:    Sif Muna [*.....]
Gold:   135        SH:  0    Dex: 13    Spells: 5/8 levels left

rFire   . . .      SeeInvis +   f - +0 short sword
rCold   . . .      Faith    .   (no shield)
rNeg    . . .      Spirit   .   a - +0 robe
rPois   .          Reflect  .   (helmet restricted)
rElec   .          Harm     .   (no cloak)
rCorr   .          Rampage  .   (gloves unavailable)
Will    .....                   (boots unavailable)
Stlth   ++........              (no amulet)
HPRegen 0.05/turn               (no ring)
MPRegen 0.11/turn               (no ring)

@: very quick
A: very small, no large weapons, unfitting armour, see invisible, speed 3
a: Renounce Religion, Channel Magic


You were on level 1 of the Dungeon.
You worshipped Sif Muna.
Sif Muna was aware of your devotion.
You visited 1 branch of the dungeon, and saw 2 of its levels.

You collected 135 gold pieces.

Inventory:

Hand Weapons
 e - a +0 club
 f - a +0 short sword (weapon)
Missiles
 b - 5 poisoned darts
Armour
 a - a +0 robe (worn)
Scrolls
 d - a scroll of identify {unknown}
Potions
 c - a potion of haste {unknown}


   Skills:
 + Level 2.8 Dodging
 + Level 3.1 Stealth
 + Level 3.0 Spellcasting
 + Level 3.5 Conjurations


You had 5 spell levels left.
You knew the following spells:

 Your Spells              Type           Power      Damage    Failure   Level
a - Magic Dart            Conj           64%        1d6       3%          1
b - Searing Ray           Conj           32%        2d5       5%          2

Your spell library contained the following spells:

 Spells                   Type           Power      Damage    Failure   Level
 Dazzling Flash           Conj/Hex       18%        N/A       22%         3
 Gell's Gravitas          Tloc           2%         N/A       41%         3
 Teleport Other           Tloc           2%         N/A       41%         3
 Fulminant Prism          Conj/Hex       4%         3d6       58%         4
 Iskenderun's Mystic Bla  Conj/Tloc      9%         2d4       58%         4
 Dispersal                Tloc           1%         N/A       100%        6


Dungeon Overview and Level Annotations

Branches:
Dungeon (2/15)

Altars:
Sif Muna


Innate Abilities, Weirdness & Mutations

You are very small and have problems with some larger weapons.
You are too small for most types of armour.
You have supernaturally acute eyesight. (SInv)
You cover ground extremely quickly. (Speed+++)


Message History

Unknown command.
Casting: Searing Ray (safe; 5% risk of failure)
Confirm with . or Enter, or press ? or * to list all spells.
Okay, then.
The gnoll barely misses you.
You climb upwards.
There is a stone staircase leading down here.
You climb downwards.
The gnoll closely misses you. The gnoll hits you with a +0 club.
The gnoll hits you with a +1 flail of protection.
* * * LOW HITPOINT WARNING * * *
There is a stone staircase leading up here.
The gnoll closely misses you. The gnoll completely misses you.
You climb upwards.
There is a stone staircase leading down here.
Casting: Searing Ray (safe; 5% risk of failure)
Confirm with . or Enter, or press ? or * to list all spells.
Aiming: Searing Ray (safe; 5% risk of failure)
Press: ? - help, Shift-Dir - straight line, f - gnoll
Aim: a gnoll, wielding a +0 club (79% to hit)
The searing ray hits the gnoll!
The gnoll is heavily wounded. (Press . to maintain the ray.) Unknown command.
The searing ray hits the gnoll.
The gnoll is almost dead.
The searing ray hits the gnoll!
You kill the gnoll!
Sif Muna accepts your kill.
The searing ray misses the gnoll.
You have reached level 3!
Your experience leads to an increase in your attributes!
Increase (S)trength, (I)ntelligence, or (D)exterity?
You feel stronger. x2
The searing ray hits the gnoll.
The gnoll is lightly wounded.
You finish channelling your searing ray.
The gnoll hits you with a +1 flail of protection!
Ouch! That really hurt!
You die...

## ##.....## .#########
##.......## .........##
#.........# ..>.......##
#.........#
...........#####..)......#####
.............................#
...........#####.(...........#
...........# #.......########
...........# #@......##.....##
...........# #g......#.#####.##
..........>#####.......#.8≈8≈8..#
.........)...............≈≈≈≈≈.<#
.......................#.8≈8≈8..#
.......................#.#####.##
.)>....###.............##.....##
......÷................########
............>..........##########


You could see a gnoll.

Vanquished Creatures
  A gnoll (D:1)
  A giant cockroach (D:1)
  3 goblins (D:1)
  3 hobgoblins (D:1)
  2 quokkas (D:1)
  2 bats (D:1)
  8 rats (D:1)
20 creatures vanquished.

Notes
Turn   | Place    | Note
-------+----------+-------------------------------------------
     0 | D:1      | psko the Spriggan Conjurer began the quest for the Orb.
     0 | D:1      | Reached XP level 1. HP: 9/9 MP: 5/5
   267 | D:1      | Reached XP level 2. HP: 13/13 MP: 0/6
   453 | D:1      | Found a faded altar of an unknown god.
   457 | D:1      | Prayed at the altar of an unknown god.
   457 | D:1      | Became a worshipper of Sif Muna the Loreminder
   457 | D:1      | Reached * piety under Sif Muna
   768 | D:1      | Learned a level 2 spell: Searing Ray
  1033 | D:1      | Reached XP level 3. HP: 3/16 MP: 3/8
  1033 | D:1      | Mangled by a gnoll

Illustrated notes

Levels and vault maps discovered:
D:1:      lightli_arrival_statue_moat, layout_rooms,
          shapermc_ecumenical_altar_mp_vishouse, minmay_rat_gold_closets
D:2:      layout_loops_cross, kennysheep_path_1, minmay_heptomino_d4

Skill      XL: |  1  2 |
---------------+-------+-----
Conjurations   | 3 |  3.5
Spellcasting   | 3 |  3.0
Dodging        | |  2.8
Stealth        | |  3.1

Action                   || total
-------------------------++-------
Melee: Unarmed           ||     1
       Club              ||     1
 Cast: Magic Dart        ||    40
       Searing Ray       ||     3
Armor: Robe              ||     5
Dodge: Dodged            ||    26
